damnboulders, chaotic female orcish Barbarian --- ---- --.--|..| --...--..-- -- |...%.....------- .| |<---.-.........| - ..- |.| |.......%--.--- .... |.| |--......--...----.... |.| |........%.........| |.| |...---------....--- |.| ---.| |....-- |.| --- |.....--- |.| |.......| |.- --......| . -@@.---- )- ......-- --- |..|...-- |...---- ---- damnboulders the Pillager Experience level: 4 Strength: 18/04 Dexterity: 15 Constitution: 16 Intelligence: 7 Wisdom: 8 Charisma: 7 Health: 0(40) Energy: 11(11) Def: 6 Gold: 84 Moves: 544 Dungeon seed: Lz8g27BjcHBAp7T0 Game ID: damnboulders_1496500134 Your Inventory: Coins $ - 84 gold pieces Weapons a - a +0 two-handed sword (weapon in hands) b - a +0 axe (alternate weapon; not wielded) j - 5 +0 daggers k - 3 +0 darts Armor e - an uncursed +0 orcish ring mail (being worn) n - a cursed +0 dwarvish cloak (being worn) q - an uncursed +0 pair of iron shoes (being worn) r - an uncursed +0 dwarvish iron helm (being worn) Comestibles c - 2 uncursed food rations d - an uncursed egg f - 2 uncursed tripe rations Scrolls g - an uncursed scroll of identify m - an uncursed scroll of enchant weapon Spellbooks l - an uncursed spellbook of healing Potions i - an uncursed potion of gain energy Wands h - a wand of polymorph (0:7) o - a blessed wand of striking (0:5) Tools p - a +0 pick-axe Gems y - a cursed loadstone Spells and supernatural/magical abilities: Name Level Category Fail Memory W - pray for help -- divine ? -- Your skills at the end: Fighting Skills bare handed combat [Basic] Weapon Skills axe [Basic] two-handed sword [Basic] Spellcasting Skills Final Attributes: You were piously aligned. You were poison resistant. You had infravision. You are dead. Vanquished creatures: a gnome king 2 gnome lords a kitten 2 dwarves a coyote a hobbit a large kobold 2 giant rats 7 gnomes a gecko a kobold a lichen 2 newts 23 creatures vanquished. Voluntary challenges: You followed a strict vegan diet. You were an atheist. You used a wielded weapon 29 times, starting on turn 175. You were illiterate. You never genocided any monsters. You never polymorphed an object. You never changed form. You used no wishes. You never split a pudding. You never wrote Elbereth's name. You never violated your personal moral code. Dungeon overview: The Dungeons of Doom: levels 1 to 2 Level 1 a fountain a long staircase Level 2 a fountain stairs to The Gnomish Mines The Gnomish Mines: levels 3 to 4 Level 3 stairs to The Dungeons of Doom Level 4 <- You were here History has recorded: On T:1 you entered the Dungeons of Doom to retrieve the Amulet of Yendor! On T:55 you reached level 2 of The Dungeons of Doom. On T:224 you reached level 1 of The Gnomish Mines. On T:228 you advanced to experience level 2. On T:248 you advanced to experience level 3. On T:290 you advanced to experience level 4. On T:497 you reached level 2 of The Gnomish Mines. Score breakdown: Gold: 84 ( 6563 points) Experience: 4 levels ( 9649 points) Exploration: 4 levels ( 8.00%) ( 7423 points) Discoveries: 3 items ( 1.20%) ( 3292 points) Valuables value: (no points given unless you survive) Artifact value: 0 ( 0 points) Variety of kills: 13 monsters ( 3.39%) ( 5527 points) Turncount: 544 turns ( 0 points) Survival: died (score multiplied by 80%) Total score: 25963 Latest messages: There are a few objects here. You have a little trouble lifting p - a pick-axe. You hear a crunching sound. There are a few objects here. There are several objects here. Meepers reads a scroll labeled PRIRUTSENIE! Meepers is granted an insight! Please move the cursor to an unknown object. A barbarian called Meepers [seen: normal vision, infravision] on the floor of a room. You smite Meepers! Meepers hurls a white potion! The jar crashes on your head and breaks into shards. Something seems to be holding you. Meepers wields a two-handed sword! Meepers swings her two-handed sword at you. Meepers hits! Meepers reads a scroll labeled NR 9! Meepers' two-handed sword glows blue for a moment. (You can name a scroll labeled NR 9 from the item naming menu.) Meepers swings her two-handed sword at you. Meepers hits! Meepers swings her two-handed sword at you. Meepers hits! You die... Final status: Goodbye damnboulders the Barbarian, killed by a barbarian called "Meepers", while frozen by potion vapours... You died in The Gnomish Mines on dungeon level 4 with 25963 points, and 84 pieces of gold, after 544 moves. You were level 4 with a maximum of 40 hit points when you died.